 Seeded DCSS version 0.29-a0-982-gaed3a0c8d8 (webtiles) character file.

Game seed: 8178002711476288257 (custom seed)

11 flotson the Sneak (level 2, -2/24 HPs)
             Began as a Demonspawn Delver on Aug 1, 2022.
             Slain by a gnoll
             ... wielding a +0 flail
              (10 damage)
             ... on level 4 of the Dungeon.
             The game lasted 00:00:34 (396 turns).

flotson the Sneak (Demonspawn Delver)                Turns: 396, Time: 00:00:34

Health: -2/24      AC:  3    Str: 12    XL:     2   Next: 17%
Magic:  2/2        EV: 12    Int: 11    God:
Gold:   0          SH:  0    Dex: 14    Spells: 1/1 levels left

rFire   . . .      SeeInvis .   a - +0 spear
rCold   . . .      Faith    .   (no shield)
rNeg    . . .      Spirit   .   b - +0 leather armour
rPois   .          Reflect  .   (no helmet)
rElec   .          Harm     .   (no cloak)
rCorr   .          Rampage  .   (no gloves)
Will    .....                   (no boots)
Stlth   ++........              (no amulet)
HPRegen 0.08/turn               (no ring)
MPRegen 0.08/turn               (no ring)

@: no status effects
A: demonic magic 1
a: no special abilities


You were on level 4 of the Dungeon.
You visited 1 branch of the dungeon, and saw 3 of its levels.

Inventory:

Hand Weapons
 a - a +0 spear (weapon)
Armour
 b - a +0 leather armour (worn)
Wands
 g - a wand of digging (3)
Scrolls
 c - a scroll of fog
 d - a scroll of magic mapping
 e - a scroll of enchant weapon {unknown}
Potions
 f - a potion of haste
 h - a potion of magic {unknown}


   Skills:
 + Level 3.1 Fighting
 - Level 1.7 Polearms
 + Level 0.5 Armour
 + Level 2.0 Dodging
 - Level 4.5 Stealth
 + Level 0.7 Evocations


You had one spell level left.
You didn't know any spells.
Your spell library was empty.

Dungeon Overview and Level Annotations

Branches:
Dungeon (5/15)
 Temple: D:4-7

Altars:


Innate Abilities, Weirdness & Mutations

Spells you cast may paralyse adjacent enemies.


Message History

You start resting.
You feel sick.
A goblin is nearby!
You feel sick.
You are no longer poisoned.
You see here an adder corpse.
There is a stone staircase leading up here.
You climb upwards.
Found a scroll labelled RAIGACIMMA and a white potion.
Found a stone staircase leading up.
There is a stone staircase leading down here.
You start resting.
HP restored.
e - a scroll labelled RAIGACIMMA
h - a white potion You can't go down here!
There is a stone staircase leading down here.
You climb downwards.
There is a stone staircase leading up here.
The goblin shouts!
A gnoll comes into view. It is wielding a +0 flail.
The gnoll shouts!
You hit the goblin.
The goblin is severely wounded.
You hear a shout!
The goblin misses you.
You closely miss the goblin.
The goblin is severely wounded.
The goblin hits you but does no damage.
You hit the goblin.
You kill the goblin!
You hit the gnoll.
The gnoll is moderately wounded.
The gnoll misses you.
You hit the gnoll.
The gnoll is heavily wounded.
The gnoll hits you with a +0 flail!
You hit the gnoll.
The gnoll is almost dead.
The gnoll hits you with a +0 flail! x2
You die...

#### ## ### .... ..#
..# ##### ...##.. #..
..#.. #.#..# # ..
#.#.###.#..#
...##.####.#.##)..#.#
#....#....#.##.....#
#>.........@...#
#....<......g..#
#.......#รท###....#
###.#...#.# #..:[#
#.###.#.# #....# #..
....# #.)#.# #..
..### #.#.$# #.#####
#.#..# .. ..##


You could see a gnoll.

Vanquished Creatures
  An adder (D:4)
  A goblin (D:4)
  A ball python (D:4)
3 creatures vanquished.

Vanquished Creatures (others)
  A plant (D:3)
1 creature vanquished.

Grand Total: 4 creatures vanquished

Notes
Turn   | Place    | Note
-------+----------+-------------------------------------------
     0 | D:5      | flotson the Demonspawn Delver began the quest for the Orb.
     0 | D:5      | Reached XP level 1. HP: 18/18 MP: 1/1
    37 | D:5      | Noticed an iguana
    47 | D:5      | Noticed a phantom
   151 | D:4      | Gained mutation: Spells you cast may paralyse adjacent
                  | enemies. [demonic ancestry]
   151 | D:4      | Reached XP level 2. HP: 8/24 MP: 2/2
   396 | D:4      | Slain by a gnoll

Illustrated notes

Levels and vault maps discovered:
D:3:      layout_loops_ring, mainiacjoe_overflow_six_doors_small, serial_bayou,
          serial_bayou_pond_b, serial_bayou_lake_a, serial_bayou_pond_c,
          serial_bayou_pond_e, serial_bayou_pond_e, uniq_natasha, uniq_robin,
          uniq_jessica
D:4:      layout_basic, led_sif_pool, hellmonk_ghost_happy_afterlife,
          minmay_curled_crystal
D:5:      layout_layer_cave, makhleb_blood_cavern_becter,
          grunt_dithmenos_smoke_and_mirrors, minmay_temple_entry_steel_oval,
          skrybe_limestone_x

Skill      XL: |  1 |
---------------+----+-----
Dodging        | 2 |  2.0
Fighting       | |  3.1
Polearms       | |  1.7
Armour         | |  0.5
Stealth        | |  4.5
Evocations     | |  0.7

Action                   || total
-------------------------++-------
Melee: Spear             ||    19
  Use: Scroll            ||     1
Armor: Leather armour    ||     3
Dodge: Dodged            ||    10

Table legend: (Time is in decaauts)
 A = Elapsed time spent in this place.
 B = Non-inter-level travel time spent in this place.
 C = Inter-level travel time spent in this place.
 D = Time resting spent in this place.
 E = Time spent auto-exploring this place.
 F = Levels seen in this place.
 G = Mean time per level.
                   A        B        C        D        E       F      G
               +--------+--------+--------+--------+--------+-----+--------+
         Total |    396 |    396 |      0 |    293 |     41 |   3 |  132.0 |
       Dungeon |    396 |    396 |      0 |    293 |     41 |   3 |  132.0 |
               +--------+--------+--------+--------+--------+-----+--------+

Top non-repeatable levels by time:
     D:3: 227 daAuts
     D:4: 117 daAuts
     D:5: 51 daAuts
